 Dungeon Crawl Stone Soup version 0.27.1-33-g824d729ab1 (webtiles) character file.

Game seed: 6302787788525893776

10011 MisterFreud the Cleaver (level 11, -4/103 HPs)
             Began as a Minotaur Abyssal Knight on Dec 29, 2021.
             Was an Elder of Lugonu.
             Slain by a boulder beetle (14 damage)
             ... on level 11 of the Dungeon.
             The game lasted 00:13:13 (13686 turns).

MisterFreud the Cleaver (Minotaur Abyssal Knight)  Turns: 13686, Time: 00:13:14

Health: -4/103     AC: 14    Str: 16 (18) XL:     11   Next: 30%
Magic:  14/14      EV:  7    Int:  8 (9)  God:    Lugonu [****..]
Gold:   614        SH:  0    Dex: 11 (12) Spells: 10/10 levels left

rFire    . . .     SeeInvis .   K - +2 war axe (elec)
rCold    . . .     Faith    .   (no shield)
rNeg     . . .     Spirit   .   E - +0 chain mail
rPois    .         Reflect  .   (helmet restricted)
rElec    .         Harm     .   H - +2 cloak
rCorr    +         Rampage  .   (no gloves)
Will     .....                  (no boots)
Stlth    ..........             (no amulet)
HPRegen  0.27/turn              p - +4 ring of slaying
MPRegen  0.14/turn              o - ring of resist corrosion

@: confused, ambrosia-drunk
A: horns 2, retaliatory headbutt, robust 1
a: Renounce Religion, Depart the Abyss, Bend Space, Banish, Corrupt


You were on level 11 of the Dungeon.
You worshipped Lugonu.
Lugonu was greatly pleased with you.
You visited 1 branch of the dungeon, and saw 11 of its levels.
You visited the Abyss 1 time.

You collected 614 gold pieces.

Inventory:

Hand Weapons
 a - a +1 falchion
 K - a +2 war axe of electrocution (weapon)
 M - a +2 scimitar of flaming
Missiles
 e - 8 datura-tipped darts
 j - a throwing net
 q - 10 boomerangs
 x - 25 poisoned darts (quivered)
 J - 8 silver boomerangs
 N - 8 javelins
 Q - 2 curare-tipped darts
Armour
 E - a +0 chain mail (worn)
 H - a +2 cloak (worn)
 I - a +0 kite shield
Jewellery
 o - a ring of resist corrosion (right hand)
 p - a +4 ring of slaying (left hand)
 v - a ring of positive energy
 C - an amulet of magic regeneration
 O - a +4 ring of evasion
Wands
 u - a wand of iceblast (38)
 D - a wand of mindburst (4)
Scrolls
 g - 3 scrolls of vulnerability
 h - a scroll of enchant weapon
 i - 2 scrolls of noise {unknown}
 l - 3 scrolls of teleportation
 m - a scroll of enchant armour
 s - a scroll of fear
 w - 3 scrolls of blinking {unknown}
 y - a scroll of torment {unknown}
 z - 2 scrolls of identify
 A - 2 scrolls of amnesia
 B - 4 scrolls of immolation {unknown}
 L - a scroll of brand weapon {unknown}
 P - 2 scrolls of fog
Potions
 b - a potion of degeneration
 c - 2 potions of flight
 f - a potion of lignification
 k - 5 potions of curing
 n - 3 potions of resistance
 r - a potion of might
 t - a potion of invisibility
 F - 2 potions of mutation
 G - a potion of haste {unknown}


   Skills:
 - Level 8.0 Fighting
 - Level 5.7 Long Blades
 + Level 14.5 Axes
 - Level 8.0 Armour
 - Level 1.1 Dodging
 - Level 5.8 Invocations
 - Level 5.0 Evocations


You had 10 spell levels left.
You didn't know any spells.
Your spell library contained the following spells:

 Spells                   Type           Power      Damage    Failure   Level
 Corona                   Hex            0%         N/A       99%         1
 Magic Dart               Conj           0%         1d3       99%         1
 Call Imp                 Summ           0%         N/A       100%        2
 Ensorcelled Hibernation  Hex/Ice        0%         N/A       100%        2
 Searing Ray              Conj           0%         3d3       100%        2
 Mephitic Cloud           Conj/Pois/Air  0%         N/A       100%        3
 Tukima's Dance           Hex            0%         N/A       100%        3
 Fulminant Prism          Conj/Hex       0%         3d6       100%        4


Dungeon Overview and Level Annotations

Branches:
Dungeon (11/15)            Temple (0/1) D:6            Lair (0/6) D:9
    Orc: D:9-12

Altars:
Nemelex Xobeh


Innate Abilities, Weirdness & Mutations

You have a pair of horns on your head.
You reflexively headbutt those who attack you in melee.
You are robust. (+10% HP)


Message History

The deep elf pyromancer blinks!
You slash the boulder beetle!
The boulder beetle is heavily wounded.
The boulder beetle hits you!!!
* * * LOW HITPOINT WARNING * * *
The boulder beetle stops rolling and uncurls.
You hit the boulder beetle.
The boulder beetle is heavily wounded.
The boulder beetle completely misses you.
You hit the boulder beetle but do no damage.
Lightning courses through the boulder beetle!
You headbutt the boulder beetle, but do no damage.
The boulder beetle is severely wounded.
The boulder beetle closely misses you.
You hit the boulder beetle but do no damage.
You headbutt the boulder beetle.
The boulder beetle is almost dead.
The boulder beetle bites you!
* * * LOW HITPOINT WARNING * * *
You hit the boulder beetle but do no damage.
You headbutt the boulder beetle, but do no damage.
The boulder beetle is almost dead.
You hit the boulder beetle but do no damage.
You headbutt the boulder beetle, but do no damage.
The boulder beetle is almost dead.
The boulder beetle bites you!
* * * LOW HITPOINT WARNING * * *
You completely miss the boulder beetle.
You headbutt the boulder beetle, but do no damage.
The boulder beetle is almost dead.
The boulder beetle bites you!
* * * LOW HITPOINT WARNING * * *
It was a potion of degeneration.
There was something very wrong with that liquid.
You feel weakened.
You feel dopey.
You feel clumsy. The boulder beetle barely misses you.
It was a potion of ambrosia.
You are confused.
You feel invigorated. The boulder beetle bites you!
You die...

#.....††# #...##############
#...†...###.................
#≈....≈≈.≈#..................
#≈≈≈≈≈≈≈≈.##...#############.
#≈≈≈≈≈≈≈≈≈##...# #.
##≈≈≈≈≈≈≈###...# #. #≈≈≈≈≈≈≈#
#...#############(
####.................
#.ZB@................
#..################.. #.°#
#.. #.°# #.. #..# #.. #.Z#
#.. #..# #.. #..# ....


You could see a boulder beetle and a centaur warrior zombie.

Vanquished Creatures
  A two-headed ogre (D:9)
  A deep elf pyromancer (D:9)
  Maurice (D:10)
  Joseph (D:8)
  A gargoyle (D:10)
  An efreet (D:9)
  2 trolls
  A hornet (D:9)
  A meliai zombie (D:11)
  Sigmund (D:2)
  A shadow (D:6)
  A vampire (D:10)
  3 water elementals
  3 wyverns
  6 yaks (D:11)
  A steam dragon (D:10)
  3 wargs (D:9)
  An acid dragon (D:10)
  2 water moccasins
  Duvessa (D:7)
  2 black bears
  2 orc warriors (D:8)
  3 sky beasts (D:6)
  2 necrophages
  2 ogres
  5 centaurs
  2 kobold brigands (D:11)
  3 bullfrogs (D:8)
  A gnoll sergeant (D:7)
  Dowan (D:7)
  2 water moccasin zombies
  A water moccasin skeleton (D:5)
  9 killer bees (D:8)
  2 electric eels (D:8)
  2 howler monkeys (D:10)
  2 centaur zombies
  5 hounds
  Crazy Yiuf (D:6)
  A jelly (D:5)
  2 centaur skeletons
  5 orc priests
  A bullfrog skeleton (D:5)
  An iguana (D:5)
  8 orc wizards
  2 killer bee zombies
  A howler monkey zombie (D:9)
  A howler monkey skeleton (D:7)
  6 gnolls
  8 adders
  2 white imps
  3 worms (D:2)
  11 dart slugs
  33 orcs
  5 ball pythons
  5 bats
  8 endoplasms
  4 giant cockroaches
  5 hobgoblins
  3 jackals (D:5)
  4 quokkas
  6 frilled lizards
  4 goblins
  16 kobolds
  4 rats
229 creatures vanquished.

Vanquished Creatures (others)
  A plant (D:9)
1 creature vanquished.

Grand Total: 230 creatures vanquished

Notes
Turn   | Place    | Note
-------+----------+-------------------------------------------
     0 | Abyss:1  | MisterFreud the Minotaur Abyssal Knight began the quest for
                  | the Orb.
     0 | Abyss:1  | Reached XP level 1. HP: 19/19 MP: 1/1
    88 | Abyss:1  | Noticed a wretched star
    89 | D:1      | Escaped the Abyss
   506 | D:1      | Reached XP level 2. HP: 28/28 MP: 2/2
   669 | D:1      | Found a faded altar of an unknown god.
   758 | D:1      | Reached * piety under Lugonu
  1062 | D:2      | Noticed Sigmund
  1080 | D:2      | Killed Sigmund
  1081 | D:2      | Reached XP level 3. HP: 27/39 MP: 3/3
  1081 | D:2      | Reached XP level 4. HP: 33/47 MP: 4/4
  1081 | D:2      | Reached XP level 5. HP: 36/52 MP: 5/5
  2230 | D:3      | Reached ** piety under Lugonu
  2296 | D:3      | Reached XP level 6. HP: 50/61 MP: 6/6
  2771 | D:5      | Entered Level 5 of the Dungeon
  3254 | D:4      | Reached skill level 5 in Armour
  3845 | D:5      | Found a sparkling altar of Nemelex Xobeh.
  4085 | D:5      | Reached XP level 7. HP: 54/68 MP: 8/8
  4457 | D:5      | Reached skill level 5 in Invocations
  4994 | D:6      | Found a staircase to the Ecumenical Temple.
  5013 | D:6      | Reached skill level 1 in Evocations
  5081 | D:6      | Reached XP level 8. HP: 55/74 MP: 11/11
  5445 | D:6      | Reached *** piety under Lugonu
  5510 | D:6      | Found a runed translucent door.
  5511 | D:6      | Noticed Crazy Yiuf
  6022 | D:6      | Reached skill level 5 in Evocations
  6544 | D:6      | Killed Crazy Yiuf
  7234 | D:7      | Noticed Duvessa
  7235 | D:7      | Noticed Dowan
  7254 | D:7      | Killed Duvessa
  7255 | D:7      | Reached XP level 9. HP: 56/81 MP: 12/12
  7261 | D:7      | Killed Dowan
  8166 | D:8      | Reached skill level 5 in Long Blades
  8170 | D:8      | Gained mutation: You have a pair of large horns on your
                  | head. [potion of mutation]
  8170 | D:8      | Lost mutation: You have a pair of large horns on your head.
                  | [potion of mutation]
  8170 | D:8      | Gained mutation: You are robust. (+10% HP) [potion of
                  | mutation]
  8179 | D:8      | Reached **** piety under Lugonu
  8532 | D:8      | Reached skill level 1 in Axes
  8549 | D:8      | Reached skill level 2 in Axes
  8742 | D:8      | Reached skill level 3 in Axes
  8799 | D:8      | Reached skill level 4 in Axes
  8847 | D:8      | Noticed Joseph
  8859 | D:8      | Reached skill level 5 in Axes
  8881 | D:8      | Killed Joseph
  8882 | D:8      | Reached skill level 7 in Axes
  9503 | D:8      | Reached skill level 8 in Axes
  9675 | D:8      | Reached XP level 10. HP: 28/96 MP: 13/13
 10201 | D:9      | Noticed a two-headed ogre
 10206 | D:9      | Killed a two-headed ogre
 10207 | D:9      | Reached skill level 9 in Axes
 10398 | D:9      | Reached skill level 10 in Axes
 11051 | D:9      | Found a staircase to the Lair.
 11064 | D:9      | Reached skill level 11 in Axes
 11460 | D:9      | Noticed a deep elf pyromancer
 11463 | D:9      | Killed a deep elf pyromancer
 11714 | D:9      | Reached skill level 12 in Axes
 11950 | D:10     | Entered Level 10 of the Dungeon
 12329 | D:10     | Noticed a gargoyle
 12335 | D:10     | Killed a gargoyle
 12342 | D:10     | Reached skill level 13 in Axes
 12609 | D:10     | Noticed Maurice
 12614 | D:10     | Killed Maurice
 12615 | D:10     | Reached XP level 11. HP: 98/103 MP: 14/14
 12797 | D:11     | Reached skill level 14 in Axes
 13661 | D:11     | Noticed a boulder beetle
 13668 | D:11     | Noticed a deep elf pyromancer
 13684 | D:11     | HP: 5/103 [boulder beetle (7)]
 13686 | D:11     | Slain by a boulder beetle

Illustrated notes

Levels and vault maps discovered:
D:1:      minmay_arrival_plants_in_alcoves, layout_basic,
          hellmonk_ecumenical_altar_pennies_from_heaven
D:2:      layout_loops_ring, kennysheep_generic_room_2, uniq_sigmund
D:3:      layout_rooms, cheibrodos_gnoll_hut
D:4:      kennysheep_slugbush, layout_loops_ring
D:5:      layout_gridville, general_overflow_altar
D:6:      minmay_diamond_boxcup, layout_cave_pods,
          minmay_temple_entry_mini_moons, kennysheep_small_square,
          uniq_crazy_yiuf_cottage
D:7:      layout_loops_ring, uniq_duvessa
D:8:      cheibrodos_helix_gallery, layout_basic, uniq_joseph
D:9:      layout_layer_cave, erik_lair_orcish_takeover,
          guppyfry_early_elven_hall
D:10:     cheibrodos_breeding_chamber, layout_rooms, uniq_maurice
D:11:     layout_long_grid, nicolae_underground_beach

Skill      XL: |  1  2  3  4  5  6  7  8  9 10 11 |
---------------+----------------------------------+-----
Fighting       | 4 7 8 |  8.0
Armour         | 3 5 8 |  8.0
Invocations    | 3 5 |  5.8
Evocations     | 2 5 |  5.0
Long Blades    | 3 5 |  5.7
Axes           | 8 13 14 | 14.5
Dodging        | |  1.1

Action                   |  1- 3 |  4- 6 |  7- 9 | 10-12 || total
-------------------------+-------+-------+-------+-------++-------
Melee: Falchion          |    33 |   145 |   241 |       ||   419
       Headbutt          |     5 |    25 |    54 |    32 ||   116
       War axe           |       |       |    22 |   142 ||   164
Throw: Dart              |       |       |     3 |       ||     3
Invok: Depart the Abyss  |     1 |       |       |       ||     1
       Banish            |       |       |     1 |       ||     1
Evoke: Wand              |       |       |     4 |       ||     4
  Use: Potion            |     1 |       |     5 |     2 ||     8
       Scroll            |       |       |    10 |       ||    10
 Stab: Invisible         |     2 |       |       |       ||     2
       Sleeping          |     1 |       |       |       ||     1
Armor: Leather armour    |     9 |    38 |    10 |       ||    57
       Scale mail        |       |       |     4 |       ||     4
       Chain mail        |       |       |   157 |    92 ||   249
       Skin              |       |       |     4 |       ||     4
Dodge: Dodged            |    20 |    91 |   107 |    64 ||   282
       Rpst.: Falchion   |     9 |    25 |    19 |       ||    53
